 Dungeon Crawl Stone Soup version 0.30-a0-1018-g25214051b3 (webtiles) character file.

Game seed: 9053147021743325912

135 ytrimaz the Sneak (level 5, 0/44 HPs)
             Began as a Naga Transmuter on Apr 8, 2023.
             Slain by a scorpion (7 damage)
             ... on level 3 of the Dungeon.
             The game lasted 00:03:32 (2486 turns).

ytrimaz the Sneak (Naga Transmuter)                 Turns: 2486, Time: 00:03:32

Health: 0/44       AC:  2    Str: 12    XL:     5   Next: 18%
Magic:  8/8        EV:  9    Int: 16    God:
Gold:   172        SH:  0    Dex: 11    Spells: 5/8 levels left

rFire   . . .      SeeInvis +      - Unarmed
rCold   . . .      Faith    .    (no shield)
rNeg    . . .      Spirit   .    a - +0 robe
rPois   +          Reflect  .    (helmet currently unavailable)
rElec   .          Rampage  .    (no cloak)
rCorr   .                        (no gloves)
Will    .....                    (no barding)
Stlth   +++                      g - amulet of the acrobat
HPRegen 0.27/turn                (no ring)
MPRegen 0.11/turn                (no ring)

@: lethally poisoned (0 -> -8), appendages (expiring), very slow
A: horns 2, AC +1, large, see invisible, deformed body, poison resistance,
slowness 2, spit poison 1, naga tail 1
a: Spit Poison, End Transformation


You were on level 3 of the Dungeon.
You had temporarily grown beastly horns.
You visited 1 branch of the dungeon, and saw 3 of its levels.

You collected 172 gold pieces.


Innate Abilities, Weirdness & Mutations

You have temporarily grown beastly horns.
Your serpentine skin is tough. (AC +1)
You have supernaturally acute eyesight. (SInv)
Armour fits poorly on your strangely shaped body.
Your system is resistant to poisons. (rPois)
You cover ground very slowly.
You can spit poison.
You have a snake-like lower body.


   Skills:
 - Level 1.0 Fighting
 - Level 1.5 Dodging
 + Level 5.1 Stealth
 + Level 4.5 Unarmed Combat
 - Level 2.0 Spellcasting
 - Level 2.0 Transmutations


You had 5 spell levels left.
You knew the following spells:

 Your Spells              Type           Power      Damage    Failure   Level
a - Beastly Appendage     Tmut           16%        N/A       9%          1
b - Wereblood             Tmut           8%         N/A       14%         2

Your spell library contained the following spells:

 Spells                   Type           Power      Damage    Failure   Level
 Spider Form              Tmut/Pois      4%         N/A       38%         3
 Hailstorm                Conj/Ice       1%         3d3       52%         3
 Portal Projectile        Hex/Tloc       2%         N/A       52%         3
 Stone Arrow              Conj/Erth      2%         3d7       52%         3
 Tukima's Dance           Hex            1%         N/A       52%         3
 Ice Form                 Ice/Tmut       4%         N/A       80%         4
 Animate Armour           Summ/Erth      2%         N/A       90%         4
 Blade Hands              Tmut           4%         N/A       94%         5
 Simulacrum               Ice/Necr       0%         N/A       100%        6
 Lehudib's Crystal Spear  Conj/Erth      0%         10d2      100%        8

Inventory:

Armour
 a - a +0 robe (worn)
 i - a +0 helmet
   (You found it on level 2 of the Dungeon)
Jewellery
 g - an amulet of the acrobat (around neck)
   (You found it on level 1 of the Dungeon)
Scrolls
 c - 3 scrolls of teleportation
 d - a scroll of vulnerability
 j - a scroll of amnesia {unknown}
Potions
 b - a potion of might
 e - a potion of magic

Dungeon Overview and Level Annotations

Branches:
Dungeon (3/15) Zot: 15087

Altars:

........#
#............##
........#
#.......†...##
.......
#.........###
#.........#
#.........#
#....>....#
#.........#
#######.........#
#.....@.........#
#....s..#########
#.......#
#.......#
#.....[.#
#.......#
#########


You could see a scorpion.


Message History

Found a stone staircase leading down.
A ball python comes into view.
The ball python hisses angrily.
Unknown command.
The helpless adder fails to defend itself.
You punch the adder! You headbutt the adder.
You kill the adder!
Unknown command.
The ball python barely misses you. The ball python bites you.
You see here an adder corpse. 😕 HP[-3] MP[+1]
You take 3 damage, and now have 41/44 hp.
Your mp is fully restored (8).
The ball python attacks as you move away!
The ball python completely misses you.
Your transformation is almost over.
The ball python barely misses you.
The ball python bites you but does no damage.
You see here an adder corpse. 😕 HP[+1]
The ball python bites you but does no damage.
The ball python bites you. 😕 HP[-1]
You take 1 damage, and now have 41/44 hp.
Unknown command.
You barely miss the ball python. The ball python bites you. 😕 HP[-2]
You take 2 damage, and now have 39/44 hp.
You hit the ball python.
You kill the ball python! 😕 HP[+1] No target in view!
Unknown command.
Your horns disappear.
c - 3 scrolls of teleportation (gained 1)
A scorpion comes into view. 😎 HP[+4]
Your hp is fully restored (44).
A scorpion is nearby!
Unknown command.
A scorpion is nearby!
You grow a pair of large bovine horns. 😎 MP[-1]
You lost 1 mp, and now have 7/8 mp.
Unknown command.
The scorpion stings you. The scorpion misses you. 😕 HP[-5]
You take 5 damage, and now have 39/44 hp.
You hit the scorpion. Your headbutt misses the scorpion.
The scorpion barely misses you.
You hit the scorpion but do no damage. The scorpion stings you.
You are poisoned.
The scorpion poisons you! 😕 HP[-5]
You take 5 damage, and now have 34/44 hp.
You punch the scorpion!
You feel very sick. The scorpion stings you. 😮 HP[-9]
You take 9 damage, and now have 25/44 hp.
MASSIVE DAMAGE!! (PAUSE)
You hit the scorpion.
You feel sick. The scorpion stings you.
* * * LOW HITPOINT WARNING * * *
You are lethally poisoned!
The scorpion poisons you! 😨 HP[-5]
You take 5 damage, and now have 20/44 hp.
You hit the scorpion.
* * * LOW HITPOINT WARNING * * *
You feel very sick.
The scorpion stings you but does no damage. 😨 HP[-5]
You take 5 damage, and now have 15/44 hp.
You barely miss the scorpion.
* * * LOW HITPOINT WARNING * * *
You feel very sick.
The scorpion stings you but does no damage.
Unknown command. 😱 HP[-4]
You take 4 damage, and now have 11/44 hp.
Okay, then.
As you read the scroll labelled LOALYN REQI, it crumbles to dust.
It is a scroll of brand weapon.
You aren't carrying any weapons that can be branded.
Your transformation is almost over.
* * * LOW HITPOINT WARNING * * *
You feel very sick.
The scorpion stings you but does no damage. 😱 HP[-3] MP[+1]
You take 3 damage, and now have 8/44 hp.
Your mp is fully restored (8).
Unknown command.
As you read the scroll labelled IHO XAESEINLE, it crumbles to dust.
You hear a loud clanging noise!
It was a scroll of noise.
* * * LOW HITPOINT WARNING * * *
You feel sick.
You hear an angry hiss.
The scorpion stings you!
You die...

Skill      XL: |  1  2  3  4  5 |
---------------+----------------+-----
Stealth        | 1 2 3 4 5 |  5.1
Unarmed Combat | 4 |  4.5
Fighting       | |  1.0
Dodging        | |  1.5
Spellcasting   | |  2.0
Transmutations | |  2.0

Action                     |  1- 3 |  4- 6 || total
---------------------------+-------+-------++-------
  Melee: Unarmed           |   120 |    85 ||   205
         Headbutt          |    16 |    15 ||    31
         Punch             |     2 |     2 ||     4
   Cast: Beastly Appendage |    19 |    16 ||    35
    Use: Scroll            |     3 |     4 ||     7
         Potion            |     2 |     2 ||     4
   Stab: Sleeping          |     1 |     1 ||     2
 Armour: Robe              |    16 |    16 ||    32
         Skin              |     8 |       ||     8
  Dodge: Dodged            |    89 |    63 ||   152

Levels and vault maps discovered:
D:1:      eino_arrival_tree_alley, layout_rooms
D:2:      layout_rooms
D:3:      minmay_inner_zag, layout_basic, serial_shops, nicolae_shop_waterfront

Notes
Turn   | Place    | Note
-------+----------+-------------------------------------------
     0 | D:1      | ytrimaz the Naga Transmuter began the quest for the Orb.
     0 | D:1      | Reached XP level 1. HP: 18/18 MP: 3/3
     0 | D:1      | magus.rc [v1.9.6]
    17 | D:1      | Reached skill level 1 in Stealth
    79 | D:1      | Reached XP level 2. HP: 24/25 MP: 3/5
   117 | D:1      | You pick up a book of the Tundra and begin reading...
   117 | D:1      | You add the spells Hailstorm and Simulacrum to your
                  | library.
   140 | D:1      | You pick up a book of Weapons and begin reading...
   140 | D:1      | You add the spells Tukima's Dance, Portal Projectile and
                  | Blade Hands to your library.
   200 | D:1      | Reached skill level 2 in Stealth
   339 | D:1      | Learned a level 2 spell: Wereblood
   509 | D:1      | Reached XP level 3. HP: 27/31 MP: 6/6
   510 | D:1      | You pick up a book of Armaments and begin reading...
   510 | D:1      | You add the spells Stone Arrow, Animate Armour and
                  | Lehudib's Crystal Spear to your library.
   694 | D:2      | Reached skill level 3 in Stealth
  1103 | D:1      | HP: 3/31 [gnoll/+0 club (8)]
  1111 | D:1      | Reached skill level 4 in Unarmed Combat
  1111 | D:1      | Reached XP level 4. HP: 15/38 MP: 5/7
  1310 | D:1      | Reached skill level 4 in Stealth
  1758 | D:2      | You fall into a shaft and drop 1 floor!
  2237 | D:3      | Reached XP level 5. HP: 29/44 MP: 8/8
  2244 | D:3      | HP: 11/44 [adder (4)]
  2250 | D:3      | HP: 9/44 [adder (1)]
  2253 | D:3      | HP: 3/44 [adder (3)]
  2259 | D:3      | Reached skill level 5 in Stealth
  2484 | D:3      | HP: 11/44 [poisoned by a scorpion]
  2486 | D:3      | Slain by a scorpion

Vanquished Creatures
  4 gnolls
  3 adders
  2 worms
  2 dart slugs
  An orc (D:2)
  13 ball pythons
  3 bats
  6 endoplasms
  5 giant cockroaches
  4 goblins
  2 hobgoblins
  A jackal (D:3)
  6 kobolds
  2 quokkas (D:3)
  2 frilled lizards (D:1)
  4 rats
60 creatures vanquished.

Table legend:
 A = Non-vault XP
 B = Vault XP
 C = Vault XP percentage of total XP
 D = Non-vault monster count
 E = Vault monster count
 F = Vault count percentage of total count
                 A         B        C        D         E       F
            +---------+---------+-------+---------+---------+-------
      Total |     189 |       4 |   2.1 |      58 |       2 |   3.3
            +---------+---------+-------+---------+---------+-------
        D:1 |      68 |       0 |   0.0 |      24 |       0 |   0.0
        D:2 |      73 |       0 |   0.0 |      20 |       0 |   0.0
        D:3 |      48 |       4 |   7.7 |      14 |       2 |  12.5
            +---------+---------+-------+---------+---------+-------

Illustrated notes

Table legend:
 A = Kills in this place as a percentage of kills in the entire game.
 B = Kills by you in this place as a percentage of kills by you in the entire game.
 C = Kills by friends in this place as a percentage of kills by friends in the entire game.
 D = Other kills in this place as a percentage of other kills in the entire game.
 E = Experience gained in this place as a percentage of experience gained in the entire game.
 F = Experience gained in this place divided by the number of levels of this place that you have seen.
                   A       B       C       D       E      F
               +-------+-------+-------+-------+-------+----------------------
         Total | 100.0 | 100.0 |   N/A |   N/A | 100.0 |  64.3
       Dungeon | 100.0 | 100.0 |   N/A |   N/A | 100.0 |  64.3
               +-------+-------+-------+-------+-------+----------------------

Table legend: (Time is in decaauts)
 A = Elapsed time spent in this place.
 B = Non-inter-level travel time spent in this place.
 C = Inter-level travel time spent in this place.
 D = Time resting spent in this place.
 E = Time spent auto-exploring this place.
 F = Levels seen in this place.
 G = Mean time per level.
                   A        B        C        D        E       F      G
               +--------+--------+--------+--------+--------+-----+--------+
         Total |   2911 |   2829 |     82 |    503 |   1705 |   3 |  970.3 |
       Dungeon |   2911 |   2829 |     82 |    503 |   1705 |   3 |  970.3 |
               +--------+--------+--------+--------+--------+-----+--------+

Top non-repeatable levels by time:
     D:1: 1393 daAuts
     D:2: 890 daAuts
     D:3: 627 daAuts
